[Event "ICC tourney 2046 (75 10)"]
[Site "Internet Chess Club"]
[Date "2020.10.10"]
[Round "2"]
[White "georgianknight"]
[Black "dangdang2000"]
[Result "0-1"]
[ICCResult "White checkmated"]
[WhiteElo "1320"]
[BlackElo "1198"]
[Opening "Giuoco Piano"]
[ECO "C54"]
[NIC "IG.02"]
[Time "11:02:51"]
[TimeControl "4500+10"]

1. e4 e5 2. Nf3 Nc6 3. Bc4 Bc5 4. c3 Nf6 5. d4 exd4 6. cxd4 Bb4+ 7. Nc3 Nxe4
8. O-O Bxc3 9. bxc3 d5 10. Re1 O-O 11. Bd3 Bf5 12. Bxe4 Bxe4 13. Ng5 Bg6 14.
Nf3 Qd7 15. Qa4 Rfe8 16. Bb2 Be4 17. Ne5 Nxe5 18. Qxd7 Nxd7 19. f3 Bg6 20.
Ba3 Nf6 21. Kf2 Nh5 22. g3 f5 23. Rab1 b6 24. Re2 Rxe2+ 25. Kxe2 f4 26. Rg1
Re8+ 27. Kf2 Bd3 28. Re1 Rxe1 29. Kxe1 fxg3 30. hxg3 Nxg3 31. Kf2 Nf5 32.
Bb2 g5 33. Bc1 h6 34. f4 g4 35. Kg2 h5 36. Kh2 h4 37. Kg2 Be4+ 38. Kh2 g3+
39. Kg1 h3 40. Bd2 h2+ 41. Kf1 h1=Q+ 42. Ke2 Qf3+ 43. Ke1 Bd3 44. Be3 Qe2#
{White checkmated}
0-1

[Event "ICC tourney 2046 (75 10)"]
[Site "Internet Chess Club"]
[Date "2020.10.10"]
[Round "2"]
[White "jojoraman"]
[Black "Dayman"]
[Result "0-1"]
[ICCResult "White resigns"]
[WhiteElo "1357"]
[BlackElo "1587"]
[Opening "Scotch game"]
[ECO "C45"]
[NIC "SO.05"]
[Time "11:03:13"]
[TimeControl "4500+10"]

1. e4 e5 2. Nf3 Nc6 3. d4 exd4 4. Nxd4 Bc5 5. Be3 Qf6 6. c3 Nge7 7. Bc4 d6
8. O-O Bd7 9. Nc2 Be6 10. Bd5 Qe5 11. Bxe6 Qxe6 12. Bxc5 dxc5 13. f3 Rd8 14.
Qe2 Ng6 15. Qb5 b6 16. b4 cxb4 17. Nd4 Rxd4 18. cxd4 O-O 19. Qd3 Rd8 20. d5
Qf6 21. Nd2 Nf4 22. Qe3 Qg5 23. Qf2 Nh3+ 24. Kh1 Nxf2+ 25. Rxf2 Ne7 26. f4
Qh4 27. g3 Qf6 28. Rc1 c6 29. dxc6 Nxc6 30. e5 Qe6 31. Ne4 Qd5 32. Re1 Nd4
33. Rd2 Qa8 34. Kg2 Nb5 35. Rxd8+ Qxd8 36. Kg1 Qd4+ 37. Nf2 Nc3 38. h3 Nxa2
39. Rd1 Qxd1+ 40. Nxd1 Nc3 41. Nb2 a5 42. Kf1 a4 43. Ke1 a3 44. Nc4 a2 45.
Nxb6 a1=Q+ 46. Kd2 Qd1+ 47. Ke3 Qe2+ 48. Kd4 Qf2+ 49. Kc4 Qxb6 50. Kb3 Ne2
51. g4 Nxf4 52. e6 Nxe6 53. h4 Qc5 54. g5 Qc3+ 55. Ka2 b3+ 56. Ka3 b2+ 57.
Ka2 Qc2 58. Ka3 b1=Q {White resigns} 0-1

[Event "ICC tourney 2046 (75 10)"]
[Site "Internet Chess Club"]
[Date "2020.10.10"]
[Round "2"]
[White "RockyWang"]
[Black "jjplaman"]
[Result "0-1"]
[ICCResult "White checkmated"]
[WhiteElo "735"]
[BlackElo "1416"]
[Opening "Caro-Kann defense"]
[ECO "B10"]
[NIC "CK.01"]
[Time "11:02:34"]
[TimeControl "4500+10"]

1. e4 c6 2. Nf3 d5 3. exd5 cxd5 4. d4 Nc6 5. Nc3 Bg4 6. h3 Bxf3 7. gxf3 Nf6
8. Bb5 e6 9. a3 Qb6 10. Bxc6+ bxc6 11. Qd3 c5 12. Qb5+ Qxb5 13. Nxb5 Kd7 14.
dxc5 Bxc5 15. O-O Rhb8 16. Nc3 Bd4 17. Rd1 Be5 18. f4 Bd6 19. f5 Rc8 20.
fxe6+ fxe6 21. Bg5 Be5 22. Bxf6 gxf6 23. Rd3 Rc4 24. Rc1 Rb8 25. Nd1 Bxb2
26. Nxb2 Rxb2 27. Rg3 Rc7 28. Rg7+ Kd6 29. Rxc7 Kxc7 30. c4 Kd6 31. cxd5
exd5 32. Rc8 Rb3 33. Rd8+ Ke5 34. Rd7 Rxa3 35. Rxh7 a5 36. Ra7 a4 37. Kf1 f5
38. h4 d4 39. Ke2 Ra2+ 40. Kd3 Rxf2 41. Rxa4 Rf3+ 42. Ke2 Rh3 43. Ra5+ Ke4
44. Ra7 Rxh4 45. Re7+ Kd5 46. Rd7+ Ke6 47. Ra7 f4 48. Ra6+ Ke5 49. Ra5+ Ke4
50. Ra7 f3+ 51. Kf2 Rh2+ 52. Kf1 f2 53. Re7+ Kf3 54. Rf7+ Ke3 55. Re7+ Kd2
56. Rd7 d3 57. Rc7 Ke3 58. Re7+ Kd4 59. Rd7+ Kc3 60. Rc7+ Kd2 61. Rc8 Kd1
62. Rc7 Kd2 63. Rc8 Ke3 64. Re8+ Kd4 65. Rd8+ Kc4 66. Rc8+ Kb3 67. Rd8 Kc2
68. Rc8+ Kd1 69. Rc7 Kd2 70. Rc8 Ke3 71. Re8+ Kd2 72. Rc8 Rh6 73. Rc7 Rf6
74. Rc8 Rf4 75. Rc7 Ke3 76. Re7+ Re4 77. Rd7 d2 78. Rd8 Rd4 79. Re8+ Kd3 80.
Kxf2 d1=Q 81. Re3+ Kc4 82. Rf3 Qd2+ 83. Kg3 Rd3 84. Rxd3 Qxd3+ 85. Kf2 Kd4
86. Kg2 Ke4 87. Kf2 Kf4 88. Kg2 Kg4 89. Kf2 Qd2+ 90. Kg1 Kg3 91. Kh1 Qe1#
{White checkmated}
0-1

[Event "ICC tourney 2046 (75 10)"]
[Site "Internet Chess Club"]
[Date "2020.10.10"]
[Round "2"]
[White "ChessMindTT"]
[Black "ivo20"]
[Result "0-1"]
[ICCResult "White resigns"]
[WhiteElo "1289"]
[BlackElo "1347"]
[Opening "Sicilian: Labourdonnais-Löwenthal variation"]
[ECO "B32"]
[NIC "SI.32"]
[Time "11:02:53"]
[TimeControl "4500+10"]

1. e4 c5 2. Nf3 Nc6 3. d4 cxd4 4. Nxd4 e5 5. Nb3 h6 6. a3 Nf6 7. Nc3 Be7 8.
Be2 O-O 9. Be3 Nh7 10. Bd3 Bg5 11. Bxg5 Nxg5 12. O-O d6 13. Ne2 Bg4 14. f3
Bd7 15. Qd2 a5 16. Qe1 a4 17. Nd2 Nd4 18. Nxd4 Qb6 19. Qf2 exd4 20. Nc4 Qd8
21. Qxd4 Be6 22. Qxd6 Qf6 23. Rab1 Rad8 24. Qg3 Qd4+ 25. Qf2 Qf6 26. Nb6 Qg6
27. Kh1 Bd7 28. Nxd7 Rxd7 29. Bb5 Rd6 30. Bd3 Rfd8 31. e5 Rxd3 32. cxd3 Rxd3
33. Rbd1 Rb3 34. Rfe1 Qe6 35. f4 Qf5 36. Qd2 Ne4 37. Qd8+ Kh7 38. Qd4 Ng3+
39. hxg3 Qh5+ 40. Kg1 Rxg3 41. Qe4+ Rg6 42. f5 Rg4 43. f6+ Rxe4 44. Rxe4
Qxd1+ {White resigns} 0-1

[Event "ICC tourney 2046 (75 10)"]
[Site "Internet Chess Club"]
[Date "2020.10.10"]
[Round "2"]
[White "Sirichess"]
[Black "jayrag"]
[Result "1/2-1/2"]
[ICCResult "Game drawn by repetition"]
[WhiteElo "1461"]
[BlackElo "1405"]
[Opening "Giuoco Pianissimo"]
[ECO "C50"]
[NIC "IG.02"]
[Time "11:02:43"]
[TimeControl "4500+10"]

1. e4 e5 2. Nf3 Nc6 3. Bc4 Bc5 4. d3 h6 5. Nc3 Nf6 6. Be3 Bxe3 7. fxe3 d6 8.
O-O Bg4 9. Qd2 Qd7 10. Nd5 Nxd5 11. Bxd5 O-O-O 12. Rf2 Be6 13. c4 g5 14. Ne1
h5 15. b4 h4 16. b5 Ne7 17. Qa5 Kb8 18. Rb2 g4 19. Nc2 Bxd5 20. exd5 b6 21.
Qa3 f5 22. Nb4 f4 23. Nc6+ Nxc6 24. dxc6 Qc8 25. Rb4 a5 26. bxa6 Ka7 27.
exf4 exf4 28. d4 f3 29. c5 fxg2 30. Kxg2 h3+ 31. Kg1 Qa8 32. cxb6+ cxb6 33.
d5 g3 34. Rab1 gxh2+ 35. Kxh2 Rdf8 36. Rxb6 Rf2+ 37. Kh1 Qf8 38. Rb7+ Ka8
39. Qe3 Rf1+ 40. Kh2 Rf2+ 41. Kh1 Rf1+ 42. Rxf1 Qxf1+ 43. Qg1 Qf3+ 44. Kh2
Qe2+ 45. Kh1 Qf3+ 46. Kh2 Qe2+ 47. Kh1 Qf3+ 48. Kh2 Qe2+ 49. Kh1 Qf3+ 50.
Kh2 Qe2+ 51. Kh1 Qf3+ 52. Kh2 {Game drawn by repetition} 1/2-1/2

[Event "ICC tourney 2046 (75 10)"]
[Site "Internet Chess Club"]
[Date "2020.10.10"]
[Round "2"]
[White "Vidipkona"]
[Black "MathMonkey"]
[Result "1/2-1/2"]
[ICCResult "Game drawn by repetition"]
[WhiteElo "1442"]
[BlackElo "991"]
[Opening "Ruy Lopez: 5.O-O"]
[ECO "C78"]
[NIC "RL.12"]
[Time "11:02:32"]
[TimeControl "4500+10"]

1. e4 e5 2. Nf3 Nc6 3. Bb5 a6 4. Ba4 Nf6 5. O-O b5 6. Bb3 Bc5 7. d3 O-O 8.
Nc3 d6 9. Nd5 Bg4 10. Nxf6+ Qxf6 11. c3 Rae8 12. Be3 h5 13. h3 Bxf3 14. Qxf3
Qxf3 15. gxf3 a5 16. f4 a4 17. Bd1 h4 18. c4 Nd4 19. cxb5 Ra8 20. fxe5 dxe5
21. Rc1 Bb6 22. Bxd4 exd4 23. a3 Ra5 24. Rb1 Rfa8 25. Bg4 Rxb5 26. Bd7 Rb3
27. Rfc1 Rxd3 28. Rc4 Rf3 29. Kg2 Rf6 30. Rxa4 Rxa4 31. Bxa4 d3 32. Rf1 d2
33. Bd1 Bd4 34. b3 Rc6 35. Be2 Rc1 36. Rd1 Rc2 37. Bd3 Ra2 38. a4 Bc3 39.
Kf3 Rb2 40. Bc4 Rc2 41. Ke2 Kf8 42. Ke3 g5 43. f3 Bb4 44. Kd3 Rc1 45. Ke2
Ke7 46. e5 c5 47. Bd5 Ba5 48. Bc4 Bb4 49. Bd5 Ba5 50. Bc4 Bb4
{Game drawn by repetition}
1/2-1/2

[Event "ICC tourney 2046 (75 10)"]
[Site "Internet Chess Club"]
[Date "2020.10.10"]
[Round "2"]
[White "sburreus09"]
[Black "adinanda"]
[Result "1-0"]
[ICCResult "Black checkmated"]
[WhiteElo "1524"]
[BlackElo "1259"]
[Opening "QGD: Alekhine variation"]
[ECO "D51"]
[NIC "QO.16"]
[Time "11:03:27"]
[TimeControl "4500+10"]

1. d4 d5 2. c4 e6 3. Nc3 Nf6 4. Bg5 Nbd7 5. Nf3 c6 6. e4 dxe4 7. Nxe4 h6 8.
Bxf6 Nxf6 9. Bd3 Bb4+ 10. Ned2 O-O 11. O-O c5 12. Nb3 cxd4 13. Nbxd4 e5 14.
Nc2 Bd6 15. Qe2 e4 16. Bxe4 Re8 17. Nd2 Bf5 18. f3 Bc5+ 19. Kh1 Qd7 20. Rad1
Qa4 21. Nb3 Bf8 22. Ncd4 Bxe4 23. fxe4 Rxe4 24. Qc2 Rae8 25. h3 Re3 26. Nf5
Re2 27. Qc3 Ne4 28. Qf3 Ng5 29. Qc3 g6 30. Nfd4 Bg7 31. Qc1 Bxd4 32. Nxd4
R2e3 33. a3 Ne6 34. Qxe3 Ng7 35. Qc3 Ne6 36. Nxe6 Rxe6 37. Rd8+ Re8 38. Rfd1
Kh7 39. R8d7 Kg8 40. b4 Qc6 41. R1d5 Qe6 42. Rd1 Qe2 43. c5 Re3 44. Qf6
Rxh3+ 45. gxh3 Qe4+ 46. Kh2 Qe2+ 47. Kg3 Qe3+ 48. Qf3 Qg5+ 49. Kf2 Qh4+ 50.
Kg1 Qg5+ 51. Kh1 f5 52. Qd5+ Kh8 53. Rd8+ Kg7 54. Qxb7+ Kf6 55. Rf8+ Ke5 56.
Re8+ Kf4 57. Qc7+ Kf3 58. Rf1# {Black checkmated} 1-0

[Event "ICC tourney 2046 (75 10)"]
[Site "Internet Chess Club"]
[Date "2020.10.10"]
[Round "2"]
[White "kbendre"]
[Black "siddarth1"]
[Result "1-0"]
[ICCResult "Black checkmated"]
[WhiteElo "1463"]
[BlackElo "1529"]
[Opening "Sicilian: Smith-Morra gambit"]
[ECO "B21"]
[NIC "SI.48"]
[Time "11:02:34"]
[TimeControl "4500+10"]

1. e4 c5 2. d4 cxd4 3. c3 dxc3 4. Nxc3 Nc6 5. Nf3 Nf6 6. Bc4 e6 7. O-O Be7
8. Qe2 O-O 9. Rd1 Qc7 10. h3 a6 11. e5 Ne8 12. Bf4 Bb4 13. Bd3 h6 14. Qe4 g6
15. Bxh6 Ng7 16. Qf4 Be7 17. Ne4 Nh5 18. Qe3 Nxe5 19. Bxf8 Bxf8 20. Rac1
Nxf3+ 21. Qxf3 Qf4 22. Qxf4 Nxf4 23. Bf1 b5 24. Nf6+ Kh8 25. Nxd7 Nd5 26.
Nxf8 Kg8 27. Nxg6 fxg6 28. g3 Bb7 29. Bg2 Rd8 30. Kh2 Rf8 31. Rf1 Ba8 32.
Rce1 Re8 33. Rd1 Rc8 34. Rfe1 Kf7 35. Rc1 Rd8 36. Bxd5 Bxd5 37. Rc7+ Kf6 38.
Ra7 Rd6 39. f4 Bxa2 40. g4 Rd2+ 41. Kg3 Rd3+ 42. Kh4 Rd6 43. g5+ Kf5 44.
Rf7# {Black checkmated} 1-0

[Event "ICC tourney 2046 (75 10)"]
[Site "Internet Chess Club"]
[Date "2020.10.10"]
[Round "2"]
[White "Jeffchess"]
[Black "wicked"]
[Result "0-1"]
[ICCResult "White checkmated"]
[WhiteElo "1298"]
[BlackElo "1531"]
[Opening "Three knights game"]
[ECO "C46"]
[NIC "KP.06"]
[Time "11:03:27"]
[TimeControl "4500+10"]

1. e4 e5 2. Nf3 Nc6 3. Nc3 Be7 4. Bc4 d6 5. Nd5 Be6 6. Bb5 Nf6 7. Nxf6+ Bxf6
8. Bxc6+ bxc6 9. d3 O-O 10. h3 d5 11. Nd2 Bg5 12. O-O f5 13. exd5 cxd5 14.
Nf3 Bf6 15. d4 e4 16. Nh2 Bg5 17. f4 Bh4 18. Be3 Rb8 19. Rb1 Qe8 20. c3 Bd7
21. Qd2 Rf6 22. g4 Bb5 23. g5 Rg6 24. b4 Bxf1 25. Kxf1 Qb5+ 26. Qe2 Qxe2+
27. Kxe2 h6 28. Rg1 a5 29. a3 axb4 30. cxb4 Ra8 31. Bc1 Rc6 32. Kd2 Rg6 33.
Rg2 hxg5 34. fxg5 Rxg5 35. Re2 Rg3 36. Nf1 Rxh3 37. Ne3 Bg5 38. Kc2 Bxe3 39.
Bxe3 Rxa3 40. Bd2 Kf7 41. Kb2 Rad3 42. Kc2 Rxd4 43. b5 Rc4+ 44. Kb2 d4 45.
Ba5 d3 46. Rf2 Ke6 47. Rg2 Kf7 48. Bc3 g6 49. Kb3 Rc5 50. Kb4 Rd5 51. Kc4
Rd7 52. Bd2 Rh8 53. Kc5 Ra8 54. Bg5 Ra1 55. Kc6 Ke6 56. Bf4 Rg7 57. Be3 Ra4
58. Kc5 Rg8 59. Bf4 Kd7 60. Bg5 Rga8 61. Rh2 Ra2 62. Rh7+ Kc8 63. Kc6 Rc2+
64. Kd5 d2 65. Bxd2 Rxd2+ 66. Kc6 Rc2+ 67. Kd5 e3 68. b6 cxb6 69. Kd6 e2 70.
Re7 Ra1 71. Re6 Rd1+ 72. Ke7 e1=Q 73. Rxe1 Rxe1+ 74. Kf6 f4 75. Kxg6 f3 76.
Kg5 f2 77. Kg4 f1=Q 78. Kg3 Ree2 79. Kg4 Rc3 80. Kg5 Re4 81. Kg6 Rc5 82. Kh6
Qg2 83. Kh7 Rh4# {White checkmated} 0-1

[Event "ICC tourney 2046 (75 10)"]
[Site "Internet Chess Club"]
[Date "2020.10.10"]
[Round "2"]
[White "lerui"]
[Black "JavierDix"]
[Result "0-1"]
[ICCResult "White checkmated"]
[WhiteElo "1071"]
[BlackElo "1425"]
[Opening "French: exchange variation"]
[ECO "C01"]
[NIC "FR.01"]
[Time "11:03:19"]
[TimeControl "4500+10"]

1. e4 e6 2. d4 d5 3. exd5 exd5 4. Nf3 Bg4 5. Be2 Nc6 6. O-O Bd6 7. Be3 Nf6
8. Nc3 O-O 9. Nd2 Bxe2 10. Qxe2 Re8 11. Qd1 Ne7 12. Nb3 c6 13. h3 Nf5 14.
Bg5 h6 15. Bxf6 Qxf6 16. Qf3 Qg6 17. Qd3 Re6 18. g4 Nh4 19. Qxg6 Rxg6 20.
Kh1 Nf3 21. Nc5 Nxd4 22. Nxb7 Bc7 23. Nc5 Bb6 24. Nb3 Nxc2 25. Rac1 Nd4 26.
Nxd4 Bxd4 27. Rb1 Rf6 28. Kg2 Rb8 29. f3 Re6 30. Kg3 g5 31. Rfd1 Be5+ 32.
Kf2 Kg7 33. Re1 Bd4+ 34. Kg2 Rxe1 35. Rxe1 Rxb2+ 36. Ne2 Rxa2 37. Kf1 Bb6
38. Rd1 a5 39. Rb1 Be3 40. Rb3 d4 41. Rd3 c5 42. Rd1 a4 43. Ke1 Kf6 44. Kf1
a3 45. Rd3 Ra1+ 46. Kg2 a2 47. Ra3 c4 48. Ra6+ Kg7 49. Ra3 d3 50. Nc3 Rg1+
51. Kh2 a1=Q 52. Rxa1 Rxa1 53. Nd5 Bf4+ 54. Kg2 d2 55. Nc3 d1=Q 56. Nxd1
Rxd1 57. Kf2 Rd2+ 58. Ke1 c3 59. Kf1 c2 60. Ke1 c1=R# {White checkmated} 0-1

[Event "ICC tourney 2046 (75 10)"]
[Site "Internet Chess Club"]
[Date "2020.10.10"]
[Round "2"]
[White "ethanpu"]
[Black "aakashjr"]
[Result "1-0"]
[ICCResult "Black resigns"]
[WhiteElo "1396"]
[BlackElo "1488"]
[Opening "Scandinavian defense"]
[ECO "B01"]
[NIC "SD.03"]
[Time "11:02:33"]
[TimeControl "4500+10"]

1. e4 d5 2. exd5 Nf6 3. Nc3 Nxd5 4. Nxd5 Qxd5 5. d3 Nc6 6. Nf3 Bf5 7. Be2
O-O-O 8. O-O e5 9. Bg5 f6 10. Bh4 h5 11. h3 g5 12. Bg3 h4 13. Bh2 g4 14.
hxg4 Bxg4 15. c4 Qd7 16. Re1 Bb4 17. Rf1 Bxf3 18. Bxf3 Rhg8 19. Bd5 Rg7 20.
Qf3 Nd4 21. Qxf6 Qg4 22. Bxe5 Rg6 23. Qf7 Ne2+ 24. Kh1 Ba5 25. Bf6 Nf4 26.
Bxd8 Nxg2 27. Qe8 Qh3+ 28. Kg1 {Black resigns} 1-0

[Event "ICC tourney 2046 (75 10)"]
[Site "Internet Chess Club"]
[Date "2020.10.10"]
[Round "2"]
[White "strangerthingz"]
[Black "agore"]
[Result "0-1"]
[ICCResult "White resigns"]
[WhiteElo "1400"]
[BlackElo "1431"]
[Opening "Giuoco Pianissimo: Italian four knights variation"]
[ECO "C50"]
[NIC "IG.02"]
[Time "11:02:37"]
[TimeControl "4500+10"]

1. e4 e5 2. Nf3 Nc6 3. Bc4 Bc5 4. Nc3 Nf6 5. d3 h6 6. h3 O-O 7. a3 a5 8. O-O
d6 9. Kh1 Be6 10. Bxe6 fxe6 11. Be3 Nd4 12. Bxd4 Bxd4 13. Nxd4 exd4 14. Ne2
e5 15. f4 Nh5 16. f5 Qg5 17. Kh2 b5 18. Qc1 Qxc1 19. Raxc1 b4 20. a4 c5 21.
Ng3 Nxg3 22. Kxg3 b3 23. c3 dxc3 24. Rxc3 Rab8 25. Rc4 Rf7 26. Kf3 g6 27.
Ke3 h5 28. Ke2 Kg7 29. fxg6 Rxf1 30. Kxf1 Kxg6 31. Ke2 Kg5 32. Rc1 Rb4 33.
Rc4 Kf4 34. Rxb4 cxb4 35. Kf2 h4 36. g4 hxg3+ 37. Kg2 Ke3 38. h4 Kxd3 39. h5
Kc2 40. h6 Kxb2 41. h7 Ka1 42. h8=Q b2 43. Kxg3 b1=Q 44. Qh7 Qd3+ 45. Kg4 b3
46. Qh1+ Ka2 47. Qg2+ b2 48. Kf5 Ka1 {White resigns} 0-1

[Event "ICC tourney 2046 (75 10)"]
[Site "Internet Chess Club"]
[Date "2020.10.10"]
[Round "2"]
[White "beibeiolivia"]
[Black "magicpup"]
[Result "0-1"]
[ICCResult "White checkmated"]
[WhiteElo "1258"]
[BlackElo "1533"]
[Opening "Hungarian defense"]
[ECO "C50"]
[NIC "IG.03"]
[Time "11:02:36"]
[TimeControl "4500+10"]

1. e4 e5 2. Nf3 Nc6 3. Bc4 Be7 4. c3 Nf6 5. d3 O-O 6. Nbd2 d6 7. Nf1 Bg4 8.
Ng3 Qd7 9. h3 Be6 10. Bb3 Bxb3 11. axb3 d5 12. O-O a6 13. Re1 dxe4 14. dxe4
Rad8 15. Be3 Rfe8 16. Qd2 Qe6 17. Qc2 h6 18. Rad1 Bd6 19. Rd2 Rd7 20. Red1
Red8 21. b4 Be7 22. Kh2 Rxd2 23. Rxd2 Bd6 24. Nf5 Rd7 25. N3h4 Ne7 26. Nxe7+
Bxe7 27. f3 Rxd2 28. Qxd2 Nxe4 29. fxe4 Bxh4 30. Qd3 Qg6 31. Bg1 Bg5 32. Kh1
Qc6 33. c4 Be7 34. c5 Qb5 35. Qxb5 axb5 36. Kh2 g6 37. Kg3 Kg7 38. Kf3 Kf6
39. Be3 h5 40. h4 Ke6 41. g3 f5 42. Bf2 g5 43. Be1 gxh4 44. gxh4 Bf6 45. Ke3
Bg7 46. Kf3 Bf8 47. Ke3 Bh6+ 48. Kf3 fxe4+ 49. Kxe4 Bf4 50. Bc3 Bg3 51. b3
c6 52. Bb2 Bxh4 53. Bxe5 Bf6 54. Bc7 h4 55. Ba5 h3 56. Bc7 Bc3 57. Kf3 Bxb4
58. Kg3 Bxc5 59. Kxh3 Bd6 60. Ba5 Kd5 61. Kg2 Kd4 62. Kf2 Kd3 63. Ke1 Kc2
64. b4 Kb3 65. Kd1 Bxb4 66. Bc7 c5 67. Kc1 c4 68. Be5 c3 69. Bf4 Ba3+ 70.
Kb1 c2+ 71. Ka1 Bb2# {White checkmated} 0-1

[Event "ICC tourney 2046 (75 10)"]
[Site "Internet Chess Club"]
[Date "2020.10.10"]
[Round "2"]
[White "SukrutN"]
[Black "Attack1010"]
[Result "1-0"]
[ICCResult "Black resigns"]
[WhiteElo "1163"]
[BlackElo "1419"]
[Opening "Sicilian: Smith-Morra gambit"]
[ECO "B21"]
[NIC "SI.48"]
[Time "11:02:34"]
[TimeControl "4500+10"]

1. e4 c5 2. d4 cxd4 3. Qxd4 Nc6 4. Qa4 a6 5. Nf3 d6 6. Bd3 Bd7 7. Qb3 Nf6 8.
O-O e6 9. Be3 b5 10. Nbd2 Rc8 11. a4 Na5 12. Qa2 Nb7 13. axb5 axb5 14. Qa7
Nc5 15. b4 Na4 16. Bg5 Be7 17. e5 Nd5 18. Bxe7 Qxe7 19. Ne4 O-O 20. Nxd6 Ra8
21. Qd4 Nac3 22. Rfe1 Ra4 23. Rxa4 bxa4 24. Bc4 f6 25. Bxd5 Nxd5 26. Qc5 Rb8
27. exf6 Qxf6 28. Ne5 Qd8 29. Ndf7 Qc8 30. Qxc8+ Bxc8 31. b5 Rxb5 32. c4 Rb7
33. Nd6 Rc7 34. cxd5 exd5 35. Ra1 Ba6 36. g3 g5 37. Rxa4 Rc1+ 38. Kg2 Bf1+
39. Kf3 Rc3+ 40. Kg4 Be2+ 41. Kxg5 h6+ 42. Kf4 {Black resigns} 1-0

[Event "ICC tourney 2046 (75 10)"]
[Site "Internet Chess Club"]
[Date "2020.10.10"]
[Round "2"]
[White "SunnyDays0"]
[Black "VirginiaGuy"]
[Result "0-1"]
[ICCResult "White resigns"]
[WhiteElo "1132"]
[BlackElo "1381"]
[Opening "Queen's pawn, Mason variation"]
[ECO "D00"]
[NIC "QP.08"]
[Time "11:02:35"]
[TimeControl "4500+10"]

1. d4 d5 2. Bf4 Bf5 3. e3 e6 4. Bd3 Bxd3 5. cxd3 Nf6 6. Nf3 Bd6 7. Ne5 O-O
8. O-O c5 9. dxc5 Bxc5 10. d4 Bd6 11. Nc3 Nc6 12. Nb5 Bb8 13. Rc1 a6 14. Nc3
Bd6 15. Nxc6 bxc6 16. Bxd6 Qxd6 17. Na4 Rfb8 18. b3 Nd7 19. Rc3 e5 20. Qc2
exd4 21. exd4 Qf6 22. Rxc6 Qxd4 23. Rd1 Qe5 24. Rc7 Nf6 25. Qc3 Qe2 26. Rc1
Re8 27. h3 Ne4 28. Qc2 Qb5 29. Qc6 Qe2 30. Qxa8 Qxf2+ 31. Kh1 Ng3+ 32. Kh2
Kf8 33. Qxa6 Qf4 34. R7c3 Ne2+ 35. Kh1 Nxc1 36. Rc8 Qe3 37. Qd6+ Qe7 38.
Qxe7+ Kxe7 39. Rxc1 Kd6 40. Rc2 d4 41. Nb2 Kd5 42. a4 Rb8 43. Nd3 Rxb3 44.
Nf4+ Ke4 45. Nh5 d3 46. Rd2 Ke3 47. Ra2 d2 48. Ra1 Rc3 49. Kh2 Rc1 50. Ra3+
Kd4 {White resigns} 0-1

[Event "ICC tourney 2046 (75 10)"]
[Site "Internet Chess Club"]
[Date "2020.10.10"]
[Round "2"]
[White "Supersamraat"]
[Black "chess278"]
[Result "1/2-1/2"]
[ICCResult "Game drawn by mutual agreement"]
[WhiteElo "1534"]
[BlackElo "1413"]
[Opening "Queen's pawn: London system"]
[ECO "A45"]
[NIC "QP.07"]
[Time "11:02:33"]
[TimeControl "4500+10"]

1. d4 Nf6 2. Bf4 e6 3. e3 d5 4. c3 Bd6 5. Bg3 O-O 6. Bd3 Nbd7 7. Nf3 b6 8.
Nbd2 Bb7 9. Qc2 Qe7 10. O-O h6 11. e4 dxe4 12. Nxe4 Nxe4 13. Bxe4 Bxe4 14.
Qxe4 Nf6 15. Qe2 Rfe8 16. Rfe1 Bxg3 17. hxg3 Rad8 18. Rad1 c6 19. Ne5 Qc7
20. Qf3 Rc8 21. Ng4 Nxg4 22. Qxg4 Rcd8 23. Qf4 Qxf4 24. gxf4 Kf8 25. Rd3 Rd7
26. f3 Red8 27. Red1 c5 28. Kf2 cxd4 29. Rxd4 Rxd4 30. Rxd4 Rxd4 31. cxd4
Ke7 32. Ke3 Kd6 33. Kd3 Kd5 34. Kc3 h5 35. b3 h4 36. Kd3 f6 37. Ke3 g6 38.
Kd3 a6 39. Ke3 b5 40. Kd3 f5 41. Kc3 b4+ 42. Kd3 a5 43. Ke3 Kd6
{Game drawn by mutual agreement}
1/2-1/2

[Event "ICC tourney 2046 (75 10)"]
[Site "Internet Chess Club"]
[Date "2020.10.10"]
[Round "2"]
[White "otcm"]
[Black "Electryon"]
[Result "0-1"]
[ICCResult "White resigns"]
[WhiteElo "1500"]
[BlackElo "1335"]
[Opening "QGD Slav: 3.Nf3"]
[ECO "D11"]
[NIC "SL.01"]
[Time "11:02:33"]
[TimeControl "4500+10"]

1. d4 d5 2. c4 c6 3. Nf3 Nf6 4. g3 dxc4 5. Bg2 Bf5 6. O-O e6 7. Nbd2 Be7 8.
Nxc4 Nbd7 9. Bf4 O-O 10. Qb3 Nb6 11. Na5 Qc8 12. Rac1 Nfd5 13. Bd2 Bd6 14.
Rfe1 Be4 15. a4 Re8 16. Nxb7 Qxb7 17. a5 e5 18. axb6 exd4 19. Nxd4 Bxg2 20.
Rxc6 Nxb6 21. Rxd6 Bd5 22. Qb5 Rad8 23. Rc1 Qe7 24. Nf5 Qe4 25. Rxd5 Qxd5
26. Qxd5 Rxd5 27. Be3 Rxf5 28. Kg2 Rb5 29. Rc7 Nd5 30. Rxa7 Nxe3+ 31. fxe3
Rxb2 32. Kf2 g6 33. Ra3 Re6 34. Ra4 Rf6+ 35. Rf4 Rxf4+ 36. exf4 f5 37. h4
Kf7 38. Kf3 Rb3+ 39. Kf2 Ke6 40. Kf1 Kd5 41. Kg1 Ke4 42. Kf2 Rc3 43. Kg2 Ke3
44. Kf1 Rc2 {White resigns} 0-1

[Event "ICC tourney 2046 (75 10)"]
[Site "Internet Chess Club"]
[Date "2020.10.10"]
[Round "3"]
[White "RockyWang"]
[Black "Jeffchess"]
[Result "1-0"]
[ICCResult "Black checkmated"]
[WhiteElo "767"]
[BlackElo "1274"]
[Opening "Sicilian: Hungarian variation"]
[ECO "B27"]
[NIC "SI.43"]
[Time "14:49:47"]
[TimeControl "4500+10"]

1. e4 c5 2. Nf3 g6 3. d4 Bg7 4. c3 cxd4 5. cxd4 Nf6 6. Nc3 d6 7. h3 Nfd7 8.
Bf4 Nc6 9. Bb5 Nxd4 10. Nxd4 e5 11. Nde2 exf4 12. Qxd6 Be5 13. Bxd7+ Bxd7
14. Qxe5+ Be6 15. Qxh8+ Ke7 16. Qxd8+ Rxd8 17. Nxf4 Rd4 18. Nxe6 Kxe6 19.
O-O Rb4 20. Rab1 a5 21. Rfd1 a4 22. Rd8 b5 23. Rh8 h5 24. Re8+ Kf6 25. Nd5+
Kg5 26. Nxb4 f5 27. e5 Kh4 28. Rd1 g5 29. Rd4+ f4 30. Kh2 g4 31. Rxf4 a3 32.
bxa3 Kg5 33. Rff8 Kh4 34. Rg8 gxh3 35. g3# {Black checkmated} 1-0

[Event "ICC tourney 2046 (75 10)"]
[Site "Internet Chess Club"]
[Date "2020.10.10"]
[Round "3"]
[White "jjplaman"]
[Black "beibeiolivia"]
[Result "0-1"]
[ICCResult "White checkmated"]
[WhiteElo "1392"]
[BlackElo "1287"]
[Opening "Giuoco Pianissimo: Canal variation"]
[ECO "C50"]
[NIC "IG.02"]
[Time "14:49:50"]
[TimeControl "4500+10"]

1. e4 e5 2. Nf3 Nc6 3. Bc4 Bc5 4. Nc3 d6 5. d3 Nf6 6. Bg5 h6 7. Bxf6 Qxf6 8.
Nd5 Qd8 9. O-O Bg4 10. Bb5 O-O 11. h3 Bxf3 12. Qxf3 Nd4 13. Qd1 Nxb5 14. a4
c6 15. axb5 cxd5 16. exd5 Qd7 17. c4 Bd4 18. Ra2 a6 19. bxa6 Rxa6 20. Qa1
Rfa8 21. Rxa6 Rxa6 22. Qc1 Ra2 23. Re1 Rxb2 24. Re4 Qf5 25. Kh2 Qxf2 26. Rg4
Be3 27. Qa1 Bf4+ 28. Kh1 Ra2 29. Qb1 Qb2 30. Qf1 Ra1 31. Rxf4 exf4 32. Qxa1
Qxa1+ 33. Kh2 Qd4 34. h4 Qxd3 35. Kg1 Qxc4 36. Kf2 Qxd5 37. g3 f3 38. g4 b5
39. h5 b4 40. Ke1 Qa2 41. g5 Qe2# {White checkmated} 0-1

[Event "ICC tourney 2046 (75 10)"]
[Site "Internet Chess Club"]
[Date "2020.10.10"]
[Round "3"]
[White "aakashjr"]
[Black "jojoraman"]
[Result "1-0"]
[ICCResult "Black checkmated"]
[WhiteElo "1513"]
[BlackElo "1352"]
[Opening "Giuoco Piano: Möller (Therkatz) attack"]
[ECO "C54"]
[NIC "IG.02"]
[Time "14:50:17"]
[TimeControl "4500+10"]

1. e4 e5 2. Nf3 Nc6 3. Bc4 Bc5 4. c3 Nf6 5. d4 exd4 6. cxd4 Bb4+ 7. Nc3 Nxe4
8. O-O Bxc3 9. d5 Ne7 10. bxc3 Nd6 11. Bd3 O-O 12. Bxh7+ Kh8 13. Ng5 g6 14.
Qf3 Nef5 15. Qh3 Kg7 16. g4 f6 17. gxf5 fxg5 18. fxg6 Rh8 19. c4 Ne4 20.
Bb2+ Nf6 21. Qf3 d6 22. Rfe1 g4 23. Qxf6+ Qxf6 24. Re7+ Kh6 25. Bxf6 Rf8 26.
Bg7+ Kh5 27. Bxf8 Bf5 28. Rf7 Bxg6 29. Bxg6+ Kxg6 30. Rxc7 Rxf8 31. Rxb7 Rc8
32. Rc1 a5 33. Rd7 Rb8 34. Rxd6+ Kf7 35. Ra6 Rc8 36. Rxa5 Ke7 37. c5 Rd8 38.
d6+ Kd7 39. c6+ Kxd6 40. Rd1+ Kc7 41. Rxd8 Kxd8 42. Ra7 Kc8 43. Kg2 g3 44.
hxg3 Kb8 45. Rh7 Kc8 46. a4 Kb8 47. g4 Kc8 48. a5 Kb8 49. g5 Kc8 50. g6 Kd8
51. a6 Ke8 52. a7 Kd8 53. a8=Q# {Black checkmated} 1-0